 Dungeon Crawl Stone Soup version 0.28.0-1-gb440e238dd (webtiles) character file.

Game seed: 15753766278052205045

125 serioussanchez the Magician (level 5, -9/37 HPs)
             Began as a Djinni Fire Elementalist on Feb 23, 2022.
             Killed by nerve-wracking pain
             ... invoked by Grinder
              (14 damage)
             ... on level 3 of the Dungeon.
             The game lasted 00:22:48 (3671 turns).

serioussanchez the Magician (DjFE)                  Turns: 3671, Time: 00:22:49

Health: -9/37      AC:  2    Str:  7    XL:     5   Next: 30%
Gold:   143        EV: 12    Int: 18    God:
                   SH:  0    Dex: 14

rFire   + + .      SeeInvis .   d - +2 dagger (drain)
rCold   x . .      Faith    .   (no shield)
rNeg    . . .      Spirit   .   a - +0 robe
rPois   ∞          Reflect  .   (no helmet)
rElec   .          Harm     .   (no cloak)
rCorr   .          Rampage  .   (no gloves)
Will    .....                   (boots unavailable)
Stlth   ++........              (no amulet)
HPRegen 0.12/turn               (no ring)
MPRegen 0.00/turn               (no ring)

@: flying
A: sickness immunity, fire resistance 2, cold vulnerability 1, float, innate
caster, HP casting, extra vitality 1
a: no special abilities


You were on level 3 of the Dungeon.
You visited 1 branch of the dungeon, and saw 3 of its levels.

You collected 143 gold pieces.

Inventory:

Hand Weapons
 b - a +0 vampiric dagger
 c - a +0 whip
 d - a +2 dagger of draining (weapon)
 k - the +5 dagger of Doom {pain, Fly Will- rCorr}
   (You found it on level 3 of the Dungeon)

   In the hands of one skilled in necromantic magic, it inflicts extra damage on
   living creatures.
   Your inability to study Necromancy prevents you from drawing on the full
   power of this weapon.
   Fly:       It grants you flight.
   rCorr:     It protects you from acid and corrosion.
   Will:      It decreases your willpower.
Armour
 a - a +0 robe (worn)
 f - a +0 helmet
Wands
 j - a wand of paralysis (10)
Scrolls
 e - a scroll of blinking {unknown}
 g - 2 scrolls of identify {unknown}
 h - a scroll of torment {unknown}
 i - 2 scrolls of noise {unknown}


   Skills:
 + Level 1.0 Fighting
 * Level 1.1 Short Blades
 + Level 2.5 Dodging
 * Level 2.3 Stealth
 * Level 3.6 Spellcasting


You couldn't memorise any spells.
You knew the following spells:

 Your Spells              Type           Power      Damage    Failure   Level
a - Foxfire               Conj/Fire      64%        2x1d7     3%          1
b - Scorch                Fire           32%        2d7       5%          2
c - Conjure Flame         Conj/Fire      16%        6-21      11%         3
d - Inner Flame           Hex/Fire       16%        N/A       11%         3
e - Flame Wave            Conj/Fire      16%        2d6       34%         4
f - Sting                 Tmut/Pois      64%        1d6       3%          1
g - Passwall              Tmut/Erth      13%        N/A       5%          2
Your spell library was empty.

Dungeon Overview and Level Annotations

Branches:
Dungeon (3/15)

Altars:
Ashenzari

Annotations:
D:3 Grinder


Innate Abilities, Weirdness & Mutations

You are immune to sickness and miasma.
You are immune to poison.
Your flesh is very heat resistant. (rF++)
You are vulnerable to cold. (rC-)
You float through the air rather than walking.
You learn spells naturally, not from books.
Your magical power is your life essence.
You have superior vitality. (+4 MHP)


Message History

Grinder hits you! Grinder gestures at you. Pain shoots through your body!
Grinder gestures at you. Pain shoots through your body!
Casting: Sting (safe; 3% risk of failure)
Confirm with . or Enter, or press ? or * to list all spells.
You conjure some foxfire!
* * * LOW HITPOINT WARNING * * *
Grinder looks more healthy.
The foxfire hits Grinder but does no damage.
Grinder is lightly wounded.
The foxfire hits Grinder.
Grinder is moderately wounded.
Casting: Foxfire (safe; 3% risk of failure)
Confirm with . or Enter, or press ? or * to list all spells.
Flames lash Grinder.
Grinder is moderately wounded.
Grinder's fire resistance burns away.
* * * LOW HITPOINT WARNING * * *
Grinder blinks!
Casting: Scorch (safe; 5% risk of failure)
Confirm with . or Enter, or press ? or * to list all spells.
Aiming: Passwall (safe; 5% risk of failure)
Press: ? - help, Dir - move target, p - Grinder A rock wall.
This rock feels extremely deep.
* * * LOW HITPOINT WARNING * * *
Casting: Passwall (safe; 5% risk of failure)
Confirm with . or Enter, or press ? or * to list all spells.
Aiming: Passwall (safe; 5% risk of failure)
Press: ? - help, Dir - move target A rock wall.
* * * LOW HITPOINT WARNING * * *
The ball python bites you but does no damage.
The ball python closely misses you.
Grinder grins, showing sharp teeth.
Grinder gestures at you. Pain shoots through your body!
You die...

##### #####.#.#
.[......######
#........#
##########.#.###S##
.........# #.# #@#
....####.#.#.# #5#
....# #.#.#.###.#
....# #.#.......#
....# #.###.#..##
...######....#...#
...#⌠...#######..#
##.##...# #..#
......_.#######..#


You could see Grinder (combustible) and a ball python.

Vanquished Creatures
  An orc priest (D:3)
  Robin (D:2)
  An adder (D:3)
  A gnoll (D:2)
  2 worms (D:2)
  4 orcs
  A bat (D:1)
  An endoplasm (D:3)
  13 goblins
  6 hobgoblins
  8 jackals
  2 quokkas
  3 ball pythons (D:1)
  A frilled lizard (D:1)
  3 kobolds
  3 rats
51 creatures vanquished.

Vanquished Creatures (collateral kills)
  3 foxfires (D:2)
3 creatures vanquished.

Vanquished Creatures (others)
  59 foxfires
59 creatures vanquished.

Grand Total: 113 creatures vanquished

Notes
Turn   | Place    | Note
-------+----------+-------------------------------------------
     0 | D:1      | serioussanchez the Djinni Fire Elementalist began the quest
                  | for the Orb.
     0 | D:1      | Reached XP level 1. HP: 15/15 MP: 0/0
   305 | D:1      | Reached XP level 2. HP: 14/21 MP: 0/0
   926 | D:1      | Reached skill level 3 in Spellcasting
  1310 | D:2      | Reached XP level 3. HP: 22/25 MP: 0/0
  1310 | D:2      | Learned a level 1 spell: Sting
  1311 | D:2      | Noticed Robin
  1331 | D:2      | HP: 1/26 [goblin[Robin] (1)]
  1336 | D:2      | Killed Robin
  1716 | D:2      | Reached XP level 4. HP: 30/31 MP: 0/0
  1782 | D:2      | HP: 1/31 [gnoll (4)]
  3292 | D:3      | Reached skill level 1 in Short Blades
  3292 | D:3      | Reached XP level 5. HP: 11/36 MP: 0/0
  3292 | D:3      | Learned a level 2 spell: Passwall
  3315 | D:3      | Found a broken altar of Ashenzari.
  3573 | D:3      | Reached skill level 1 in Fighting
  3573 | D:3      | Identified the +5 dagger of Doom {pain, Fly Will- rCorr}
  3658 | D:3      | Noticed Grinder
  3671 | D:3      | Killed from afar by Grinder

Illustrated notes

Levels and vault maps discovered:
D:1:      elethiomel_arrival_infinity_welcomes_careful_drivers,
          layout_loops_ring, grunt_decor_cap, kennysheep_small_spiral
D:2:      layout_basic, hellmonk_ecumenical_altar_prayer_group, kennysheep_nub,
          cheibrodos_gnoll_hut, uniq_robin
D:3:      layout_basic, nicolae_wu_jian_glorious_leap,
          mainiacjoe_overflow_alcove_2, minmay_rat_hole, uniq_grinder

Skill      XL: |  1  2  3  4  5 |
---------------+----------------+-----
Spellcasting   | 3 |  3.6
Stealth        | 2 |  2.3
Short Blades   | 1 |  1.1
Fighting       | 1 |  1.0
Dodging        | |  2.5

Action                   |  1- 3 |  4- 6 || total
-------------------------+-------+-------++-------
Melee: Dagger            |    54 |    36 ||    90
       Punch             |     1 |       ||     1
 Cast: Foxfire           |    20 |    22 ||    42
       Scorch            |     2 |     5 ||     7
       Passwall          |       |     2 ||     2
       Sting             |       |     1 ||     1
  Use: Potion            |     2 |       ||     2
 Stab: Sleeping          |     3 |     1 ||     4
Armor: Robe              |     7 |    10 ||    17
       Skin              |     4 |       ||     4
Dodge: Dodged            |    44 |    20 ||    64
